 Dungeon Crawl Stone Soup version 0.27-a0-705-ga0013940fb (webtiles) character file.

Game seed: 14755151178619338853

143 chippings the Ducker (level 5, -9/28 HPs)
             Began as a Spriggan Monk on Mar 22, 2021.
             Was a Believer of Wu Jian.
             Mangled by a gnoll
             ... wielding a +0 whip of electrocution
              (17 damage)
             ... on level 3 of the Dungeon.
             The game lasted 00:05:36 (3082 turns).

chippings the Ducker (Spriggan Monk)                Turns: 3082, Time: 00:05:36

Health: -9/28      AC:  6    Str:  8      XL:     5   Next: 4%
Magic:  6/6        EV: 19    Int: 10 (12) God:    Wu Jian [**....]
Gold:   97         SH:  0    Dex: 15 (17) Spells: 4/4 levels left

rFire    . . .     SeeInvis +   a - +0 falchion
rCold    . . .     Faith    .   (shield restricted)
rNeg     . . .     Spirit   .   b - +0 robe
rPois    .         Reflect  .   (helmet restricted)
rElec    .         Harm     .   (no cloak)
rCorr    .         Rampage  .   (gloves unavailable)
Will     .....                  (boots unavailable)
Stlth    ++........             (no amulet)
HPRegen  0.09/turn              h - +4 ring of protection
MPRegen  0.10/turn              (no ring)

@: very quick
A: very small, no large weapons, unfitting armour, see invisible, speed 3
a: Renounce Religion, Wall Jump


You were on level 3 of the Dungeon.
You worshipped Wu Jian.
Wu Jian was pleased with you.
You visited 1 branch of the dungeon, and saw 4 of its levels.

You collected 97 gold pieces.

Inventory:

Hand Weapons
 a - a +0 falchion (weapon)
Missiles
 j - 17 poisoned darts (quivered)
Armour
 b - a +0 robe (worn)
Jewellery
 g - a ring of fire
 h - a +4 ring of protection (right hand)
Scrolls
 c - 3 scrolls of amnesia {unknown}
 d - a scroll of identify {unknown}
 e - 3 scrolls of teleportation {unknown}
 f - 2 scrolls of torment {unknown}


   Skills:
 + Level 3.4 Fighting
 + Level 3.3 Long Blades
 + Level 5.4 Dodging
 - Level 3.0 Stealth


You had 4 spell levels left.
You didn't know any spells.
Your spell library was empty.

Dungeon Overview and Level Annotations

Branches:
Dungeon (4/15)
 Temple: D:4-7

Altars:
Wu Jian
Zin

Annotations:
D:2 Sigmund
D:4 Dowan, Duvessa


Innate Abilities, Weirdness & Mutations

You are very small and have problems with some larger weapons.
You are too small for most types of armour.
You have supernaturally acute eyesight. (SInv)
You cover ground extremely quickly. (Speed+++)


Message History

You hit the worker ant but do no damage.
The worker ant is almost dead.
The worker ant closely misses you.
You riposte.
You hit the worker ant but do no damage.
The worker ant is almost dead.
You hit the worker ant.
You kill the worker ant!
The Council accepts your kill.
You feel your intelligence returning.
You have reached level 5!
You feel clever.
You hit the quokka but do no damage.
The quokka is moderately wounded.
The quokka closely misses you.
You hit the quokka.
The quokka is heavily wounded.
The quokka closely misses you. The quokka barely misses you.
You miss the quokka.
The quokka is heavily wounded.
The quokka bites you.
* * * LOW HITPOINT WARNING * * *
You barely miss the quokka.
The quokka is heavily wounded.
The quokka misses you.
You riposte.
You closely miss the quokka.
The quokka is heavily wounded.
The quokka closely misses you.
You riposte.
You hit the quokka.
You kill the quokka!
The Council accepts your kill.
An adder comes into view.
Things that are here:
a quokka corpse; a worker ant corpse You see here 11 gold pieces.
You now have 97 gold pieces (gained 11).
The adder hisses angrily.
Things that are here:
a quokka corpse; a worker ant corpse
There is a stone staircase leading up here.
You climb upwards.
The gnoll hits you but does no damage.
You are electrocuted!
Ouch! That really hurt!
You die...

#..........# #.........#
#..........####.........##
.........>.......####....#
...........#####.####.#..#
#..........###.#.##.....##
#..............#.##.###.#######
##.#####.#.......##.# #...[....
##..g###...#.##.gg..# #.######.
####......##.##.@g### #.#
...#####.##......).####.#
##.#####.##>....#....##<#
#....##.##....###>#.##.#
####..#......(###...##.#
##...........##.....#######
#####..(.....#.#............#
#.......#....#.#............#
###.####.......#.#............#


You could see 3 gnolls.

Vanquished Creatures
  A centaur skeleton (D:3)
  An iguana (D:2)
  A worker ant (D:4)
  2 adders
  A dart slug (D:2)
  4 bats
  2 giant cockroaches
  2 hobgoblins
  5 jackals
  3 kobolds
  4 oozes
  3 quokkas
  6 ball pythons
  5 frilled lizards
  4 goblins
  3 rats
47 creatures vanquished.

Notes
Turn   | Place    | Note
-------+----------+-------------------------------------------
     0 | D:1      | chippings the Spriggan Monk began the quest for the Orb.
     0 | D:1      | Reached XP level 1. HP: 11/11 MP: 2/2
     6 | D:1      | Noticed a fire giant
     6 | D:1      | Noticed a worker ant
     6 | D:1      | Noticed a tyrant leech
     6 | D:1      | Noticed an iguana
   156 | D:1      | Reached XP level 2. HP: 15/16 MP: 3/3
  1052 | D:2      | Reached XP level 3. HP: 7/19 MP: 4/4
  1553 | D:2      | Reached XP level 4. HP: 24/24 MP: 5/5
  1556 | D:2      | Reached skill level 5 in Dodging
  1576 | D:2      | Noticed Sigmund
  2676 | D:3      | Found a glowing silver altar of Zin.
  2855 | D:3      | Found an ornate altar of the Wu Jian Council.
  2994 | D:3      | Became a worshipper of the Wu Jian Council
  2994 | D:3      | Reached * piety under Wu Jian
  2994 | D:3      | Reached ** piety under Wu Jian
  3016 | D:4      | Noticed Duvessa
  3016 | D:4      | Noticed Dowan
  3070 | D:4      | Reached XP level 5. HP: 8/28 MP: 6/6
  3082 | D:3      | Mangled by a gnoll

Illustrated notes

Levels and vault maps discovered:
D:1:      onia_arrival_zoo_common, layout_rooms, minmay_pentomino_q4
D:2:      layout_rooms, serial_curves, eino_curves_02, eino_curves_01,
          minmay_misc_feat_columns, grunt_decor_arrowhead, uniq_sigmund
D:3:      layout_rooms, marbit_many_paths, chequers_temple_overflow_minitemple,
          lemuel_tele_altar
D:4:      minmay_skewed_foursquare, layout_rooms, kennysheep_mini_moat,
          minmay_temple_entry_slanted, uniq_duvessa

Skill      XL: |  1  2  3  4 |
---------------+-------------+-----
Fighting       | 3 |  3.4
Long Blades    | 3 |  3.3
Dodging        | 5 |  5.4
Stealth        | |  3.0

Action                   |  1- 3 |  4- 6 || total
-------------------------+-------+-------++-------
Melee: Falchion          |   102 |    83 ||   185
Invok: Whirlwind         |       |     2 ||     2
  Use: Potion            |       |     2 ||     2
 Stab: Sleeping          |     8 |     2 ||    10
Armor: Robe              |    11 |    14 ||    25
Dodge: Dodged            |    97 |    82 ||   179
       Rpst.: Falchion   |    30 |    26 ||    56

Table legend: (Time is in decaauts)
 A = Elapsed time spent in this place.
 B = Non-inter-level travel time spent in this place.
 C = Inter-level travel time spent in this place.
 D = Time resting spent in this place.
 E = Time spent auto-exploring this place.
 F = Levels seen in this place.
 G = Mean time per level.
                   A        B        C        D        E       F      G
               +--------+--------+--------+--------+--------+-----+--------+
         Total |   2525 |   2459 |     66 |    709 |   1014 |   4 |  631.2 |
       Dungeon |   2525 |   2459 |     66 |    709 |   1014 |   4 |  631.2 |
               +--------+--------+--------+--------+--------+-----+--------+

Top non-repeatable levels by time:
     D:2: 1249 daAuts
     D:1: 706 daAuts
     D:3: 519 daAuts
     D:4: 49 daAuts
